Map: Eternal Empire LE

Players

tucker

  • Race: Terran Terran
  • League: Master
  • Spawn Location: 7:00

A.I. 1 (Very Easy) - Winner!

  • Race: Terran Terran
  • Spawn Location: 1:00

VOD

Have the link to the VOD?

Description

Time

  • Played on: April 12, 2020, 1:57 p.m.
  • Length: 9:12
Show
View Real Time Build Order
Export as new Build Order

tucker Terran 

Build Orders: Reaper Expand 

Get SALT Encoding   

  12  0:01  SCV  
  13  0:13  SCV  
  14  0:17  Supply Depot  
  14  0:25  SCV  
  15  0:39  SCV, Barracks  
  16  0:45  Refinery  
  16  0:51  SCV  
  17  1:03  SCV  
  18  1:15  SCV  
  19  1:27  Orbital Command  
  19  1:28  Reaper  
  20  1:43  Command Center  
  20  1:52  Supply Depot  
  20  1:53  SCV  
  21  2:00  Marine  
  22  2:05  SCV  
  23  2:10  Factory  
  23  2:17  SCV  
  23  2:22  Barracks Reactor  
  24  2:29  SCV  
  25  2:42  SCV  
  26  2:46  Command Center  
  26  2:54  SCV  
  26  2:56  Orbital Command  
  27  3:07  SCV  
  32  3:12  Hellion  
  32  3:13  Hellion  
  32  3:19  SCV  
  33  3:22  SCV  
  34  3:31  Starport  
  34  3:32  SCV  
  35  3:34  Refinery, SCV  
  35  3:39  Hellion x2  
  40  3:43  Barracks Tech Lab  
  40  3:44  SCV  
  40  3:47  SCV  
  42  3:56  SCV  
  42  3:57  Orbital Command  
  42  4:00  SCV  
  44  4:05  Stimpack, Marine  
  44  4:08  SCV  
  46  4:10  Viking  
  46  4:12  SCV  
  46  4:16  Factory Tech Lab, Supply Depot  
  49  4:20  SCV  
  50  4:24  SCV x2  
  52  4:32  SCV  
  52  4:33  Orbital Command  
  52  4:36  SCV  
  54  4:39  Supply Depot  
  54  4:40  Starport Reactor  
  54  4:44  SCV, Barracks, Siege Tank  
  58  4:49  Barracks  
  58  4:50  SCV, Supply Depot  
  59  4:55  Refinery x2  
  59  4:56  SCV  
  59  4:58  Engineering Bay  
  59  4:59  Engineering Bay  
  60  5:00  SCV  
  60  5:02  SCV, Supply Depot  
  62  5:08  SCV  
  63  5:16  Siege Tank  
  66  5:22  Barracks x3  
  66  5:27  Barracks  
  66  5:28  Barracks  
  66  5:30  SCV x3  
  69  5:38  Supply Depot  
  69  5:43  SCV x3  
  69  5:48  Combat Shield  
  72  5:50  Starport Reactor, Marine x5  
  77  5:59  SCV x3  
  80  6:10  Terran Infantry Weapons Level 1, Terran Infantry Armor Level 1  
  80  6:11  SCV  
  81  6:15  Barracks Reactor x2  
  81  6:16  Barracks Tech Lab x2  
  81  6:19  Barracks Tech Lab  
  81  6:21  Marine x5  
  86  6:33  Supply Depot  
  86  6:36  Concussive Shells, Supply Depot  
  86  6:37  Supply Depot  
  86  6:41  Marauder x4, Marine x4  
  86  6:46  Medivac  
  100  6:55  Medivac  
  100  6:56  Supply Depot, Marine x3  
  100  6:57  Marine  
  100  6:58  Supply Depot, Marine  
  100  7:01  Supply Depot  
  107  7:02  Armory  
  107  7:03  Marauder x2  
  107  7:05  Marauder  
  113  7:14  Marine x4  
  113  7:15  Supply Depot  
  117  7:16  Siege Tank  
  117  7:17  Marine x2  
  117  7:22  Medivac  
  124  7:25  Medivac  
  124  7:28  Supply Depot  
  124  7:29  Supply Depot  
  126  7:37  Supply Depot x2  
  126  7:39  Marauder x3  
  126  7:42  Marine x3  
  135  7:46  Marauder, Marine x2  
  135  7:47  Marine  
  140  7:54  Marine x2  
  146  8:02  Marauder x2, Marine x2  
  146  8:03  Marine  
  153  8:08  Marine x3  
  153  8:09  Marine  
  153  8:20  Supply Depot  
  153  8:23  Supply Depot  
  153  8:27  Marine  
  153  8:28  Marine x9  
  153  8:29  Marine x2  
  165  8:37  Medivac x2  
  165  8:40  Siege Tank  
  172  8:48  Marine x6  
  173  8:49  Marine x6  
Show
View Real Time Build Order
Export as new Build Order

A.I. 1 (Very Easy) Terran - Winner!

Build Orders: Reaper Expand 

Get SALT Encoding   

  12  0:00  SCV  
  13  0:13  SCV  
  14  0:19  Supply Depot  
  14  0:43  Barracks  
  14  1:04  Command Center  
  14  1:30  Marine  
  14  1:32  Orbital Command, Supply Depot  
  15  1:39  Refinery  
  15  1:51  Refinery  
  15  1:58  SCV  
  16  2:10  SCV  
  17  2:16  SCV  
  17  2:19  Reaper  
  19  2:23  SCV  
  20  2:30  SCV  
  21  2:37  SCV  
  22  2:44  SCV  
  22  2:45  Refinery  
  23  2:52  SCV  
  24  2:59  SCV  
  25  3:05  Marine  
  25  3:06  SCV  
  27  3:13  SCV  
  28  3:20  SCV  
  28  3:21  Factory  
  29  3:45  Refinery  
  29  3:47  SCV  
  30  3:52  Marine  
  30  3:55  SCV  
  32  4:00  Supply Depot  
  32  4:02  SCV  
  33  4:09  SCV  
  34  4:10  Starport  
  34  4:11  Barracks Tech Lab  
  34  4:16  SCV  
  35  4:23  SCV  
  36  4:31  SCV  
  37  4:33  Supply Depot  
  37  4:38  SCV  
  38  4:39  Marauder  
  38  4:45  SCV  
  41  4:46  Starport Tech Lab  
  41  4:52  SCV  
  42  4:59  SCV  
  43  5:05  Raven  
  43  5:06  SCV  
  46  5:13  SCV  
  47  5:21  SCV  
  48  5:25  Marine  
  49  5:48  Raven  
  51  6:11  Marine  
  52  6:58  Marauder  
Tags
 
Add a new tag
Caveats
  • Supply blocks, unpowered buildings, or Contaminate may cause inaccurate times.
  • Supply counts are checked every 10 seconds.